 Dungeon Crawl Stone Soup version 0.20-a0-613-g92415a4 (webtiles) character file.

53299 nikopol the Severer (level 14, 0/127 HPs)
             Began as a Minotaur Berserker on Feb 8, 2017.
             Was a High Priest of Trog.
             Slain by an eight-headed hydra (13 damage)
             ... on level 6 of the Lair of Beasts.
             The game lasted 01:06:35 (21538 turns).

nikopol the Severer (Minotaur Berserker)           Turns: 21538, Time: 01:06:36

Health: 0/127      AC: 17    Str: 34    XL:     14   Next: 30%
Magic:  13/13      EV: 18    Int:  4    God:    Trog [*****.]
Gold:   1089       SH:  0    Dex: 14    Spells: 13/13 levels left

rFire    . . .     SeeInvis .   z - +2 shortbow (velocity)
rCold    . . .     Gourm    +   Z - +4 ring mail of the Elven Halls {-Tele rCorr Str+5}
rNeg     . . .     Faith    .   (shield currently unavailable)
rPois    +         Spirit   .   (helmet restricted)
rElec    .         Reflect  .   B - +0 cloak
rCorr    +         Harm     .   F - +0 pair of gloves
MR       +....     NoTele   +   i - +1 pair of boots
Stlth    +.........             J - amulet of the gourmand
Regen    0.4/turn               l - ring of poison resistance
                                X - +6 ring of strength

@: no status effects
A: retaliatory headbutt, horns 2
a: Berserk, Trog's Hand, Brothers in Arms, Burn Spellbooks, Renounce Religion


You were on level 6 of the Lair of Beasts.
You worshipped Trog.
Trog was extremely pleased with you.
You were completely stuffed.

You visited 2 branches of the dungeon, and saw 17 of its levels.
You also visited: Ossuary.

You collected 1089 gold pieces.

Inventory:

Hand Weapons
 a - the +7 war axe "Duisked" {chop, rPois Str-5 Dex+4}
   (You found it on level 1 of the Lair of Beasts)

   It inflicts extra damage upon your enemies.
   It affects your strength (-5).
   It affects your dexterity (+4).
   It protects you from poison.
 w - a +2 battleaxe of flaming
 z - a +2 shortbow of velocity (weapon)
 M - a +0 antimagic broad axe
 R - a +1 longbow of flaming
Missiles
 n - 226 arrows (quivered)
Armour
 b - +0 acid dragon scales
 h - a +2 buckler
 i - a +1 pair of boots (worn)
 B - a +0 cloak (worn)
 F - a +0 pair of gloves (worn)
 Y - a +0 buckler of positive energy
 Z - the +4 ring mail of the Elven Halls (worn) {-Tele rCorr Str+5}
   (You found it on level 3 of the Lair of Beasts)

   It affects your strength (+5).
   It prevents most forms of teleportation.
   It protects you from acid and corrosion.
Jewellery
 l - a ring of poison resistance (right hand)
 m - an uncursed ring of see invisible
 s - an uncursed ring of protection from magic {unknown}
 t - the ring of Gihoot {*Drain Str+3 SInv, unknown}
   (You found it on level 5 of the Lair of Beasts)

   [ring of see invisible]

   It affects your strength (+3).
   It lets you see invisible.
   It causes draining when unequipped.
 x - an uncursed ring of flight
 y - a +3 ring of evasion
 E - a +2 ring of evasion
 J - an amulet of the gourmand (around neck)
 V - a cursed ring of loudness {unknown}
 X - a +6 ring of strength (left hand)
Wands
 o - a wand of digging (10/24)
 H - a wand of paralysis (17/24)
 P - a wand of disintegration (16/24)
 T - a wand of digging (13/24)
Scrolls
 e - 9 scrolls of teleportation
 f - 4 scrolls of remove curse
 q - 4 scrolls of blinking
 G - a scroll of recharging
 L - a scroll of brand weapon
 S - a scroll of enchant weapon
 U - 2 scrolls of enchant armour
 W - 2 scrolls of magic mapping
Potions
 d - 2 potions of haste
 g - 5 potions of flight
 j - 12 potions of curing
 k - 3 potions of brilliance
 r - 2 potions of magic
 A - a potion of might {unknown}
 C - 2 potions of heal wounds
 I - a potion of resistance {unknown}
 K - a potion of cancellation {unknown}
 O - 3 potions of agility {unknown}
 Q - 3 potions of cure mutation {unknown}
Comestibles
 c - 8 bread rations
 p - 4 meat rations
 u - 12 fruits
 D - 13 chunks of flesh
 N - 7 royal jellies


   Skills:
 + Level 12.6 Fighting
 * Level 15.0 Axes
 * Level 12.1 Bows
 + Level 12.3 Armour
 + Level 11.3 Dodging
 - Level 8.1 Shields


You had 13 spell levels left.
You didn't know any spells.

Dungeon Overview and Level Annotations

Branches:
Dungeon (11/15)            Temple (0/1) D:4            Lair (6/6) D:11
 Shoals (0/4) Lair:2        Snake (0/4) Lair:3        Slime (0/5) Lair:5
    Orc (0/2) D:10

Altars:
Nemelex Xobeh
Ru

Shops:
D:5 !


Innate Abilities, Weirdness & Mutations

You reflexively headbutt those who attack you in melee.
You have a pair of horns on your head.


Message History

Wield which item (- for none, * to show all)? (? for menu, Esc to quit)
z - a +2 shortbow of velocity (weapon)
The vampire mosquito closely misses you.
You furiously retaliate!
You headbutt the vampire mosquito.
The eight-headed hydra closely misses you.
The eight-headed hydra bites you.
* * * LOW HITPOINT WARNING * * *
The eight-headed hydra bites you.
* * * LOW HITPOINT WARNING * * *
The eight-headed hydra bites you but does no damage. x3
The eight-headed hydra closely misses you.
The eight-headed hydra completely misses you.
Okay, then.
Your troll goes berserk!
You feel somewhat less full.
The vampire mosquito completely misses you.
The vampire mosquito bites you but does no damage.
The eight-headed hydra bites you but does no damage. x3
The eight-headed hydra bites you!
You die...

≈# (≈≈ ≈≈≈# ≈(≈≈≈≈
≈≈≈####≈(≈≈≈≈ ≈≈#≈≈≈(≈≈≈≈≈
≈(≈≈≈≈≈P(≈≈ ≈ ##
###≈≈(≈≈≈≈≈≈≈
.##≈≈≈≈≈≈#≈###≈≈≈(≈.((≈≈≈≈
.#..≈≈≈≈≈≈P≈.≈≈)F(T(.≈≈≈≈≈
..≈.≈P≈≈≈≈≈≈≈P≈?@D(≈≈≈P≈≈≈
P..≈≈P≈≈≈≈≈≈.P≈y...P≈.≈≈≈≈
.≈≈≈≈≈≈≈≈≈≈≈≈.≈≈PP≈P##≈#≈≈
..P≈≈≈≈≈≈≈≈≈≈≈..P(######
.#.≈≈≈≈≈(≈≈≈≈≈≈≈≈≈≈≈≈..####
P..≈≈≈≈≈≈≈≈≈≈≈≈≈#≈≈≈≈P≈≈..###
..P.≈≈≈≈≈≈≈≈≈####≈≈≈≈≈.≈≈≈≈.≈
..÷≈≈≈P≈≈PP≈≈≈≈###≈≈≈≈≈≈≈≈≈≈P
.÷..≈≈≈≈≈≈≈P≈≈P≈###≈≈≈≈≈≈≈P..


You could see an eight-headed hydra, a blink frog, a vampire mosquito and a
friendly troll (berserk).

Vanquished Creatures
  Nessos (Lair:6)
  2 hydras
  4 death yaks (Lair:5)
  4 two-headed ogres
  An unseen horror (D:10)
  A lindwurm (Lair:6)
  The ghost of kidcy the Cudgeler, a novice DsMo (Ossuary)
  3 elephants (Lair:6)
  6 black mambas
  2 molten gargoyles (Lair:4)
  27 spiny frogs
  2 rime drakes
  8 komodo dragons
  2 trolls (D:9)
  2 polar bears
  4 tyrant leeches (Lair:6)
  32 blink frogs
  9 hippogriffs
  A snapping turtle (Lair:2)
  2 spriggans
  5 wyverns
  Eustachio (D:4)
  A hungry ghost (D:11)
  33 yaks
  2 basilisks (Lair:3)
  A steam dragon (Lair:3)
  5 vampire mosquitoes (Lair:6)
  An acid dragon (D:10)
  9 swamp worms (Lair:4)
  2 nagas (Lair:3)
  8 water moccasins
  Edmund (D:4)
  Duvessa (D:5)
  21 porcupines
  2 orc warriors
  5 ice beasts
  4 sky beasts
  4 black bears
  8 ogres
  3 wolves (Lair:2)
  A necrophage (D:11)
  11 centaurs
  A phantom (D:8)
  10 crocodiles
  29 bullfrogs
  A gnoll sergeant (D:8)
  Dowan (D:5)
  2 wyvern zombies (Ossuary)
  A water moccasin zombie (Ossuary)
  4 scorpions
  4 killer bees (D:9)
  An electric eel (Lair:6)
  5 howler monkeys
  2 bullfrog zombies
  5 centaur zombies
  5 lava snakes (Lair:4)
  9 crimson imps
  2 jellies
  3 orc priests
  5 hounds
  2 bullfrog skeletons
  A centaur skeleton (D:10)
  Natasha (thrice) (D:2)
  21 mummies (Ossuary)
  5 iguanas
  9 orc wizards
  11 worker ants
  A killer bee zombie (Ossuary)
  3 hound skeletons
  A howler monkey zombie (Ossuary)
  4 worker ant zombies
  4 gnolls (D:5)
  5 adders
  4 shadow imps
  An ooze (D:2)
  2 adder skeletons
  11 worms
  2 dart slugs
  8 leopard geckos
  29 orcs
  A ball python (D:5)
  9 bats
  5 giant cockroaches
  12 goblins
  18 hobgoblins
  13 jackals
  5 quokkas
  4 frilled lizards
  A jackal zombie (Ossuary)
  5 kobolds
  A quokka skeleton (D:5)
  2 quokka zombies (Ossuary)
  8 rats
  A bush (Lair:3)
  20 fungi
  36 plants
601 creatures vanquished.

Vanquished Creatures (others)
  An orc wizard (D:4)
  25 fungi
  46 plants
  2 withered plants (Ossuary)
74 creatures vanquished.

Grand Total: 675 creatures vanquished

Notes
Turn   | Place    | Note
-------+----------+-------------------------------------------
     0 | D:1      | nikopol the Minotaur Berserker began the quest for the Orb.
     0 | D:1      | Reached XP level 1. HP: 19/19 MP: 0/0
   205 | D:1      | Reached XP level 2. HP: 24/27 MP: 1/1
   647 | D:1      | Reached ** piety under Trog
   847 | D:2      | Reached XP level 3. HP: 23/33 MP: 2/2
  1128 | D:2      | Reached skill level 4 in Axes
  1128 | D:2      | Reached skill level 1 in Shields
  1169 | D:2      | Found a sparkling altar of Nemelex Xobeh.
  1340 | D:2      | Noticed Natasha
  1347 | D:2      | Killed Natasha
  1347 | D:2      | Reached XP level 4. HP: 27/40 MP: 3/3
  1716 | D:2      | Noticed Natasha
  1729 | D:2      | Killed Natasha
  1729 | D:2      | Reached XP level 5. HP: 24/47 MP: 4/4
  1896 | D:2      | Noticed Natasha
  1901 | D:2      | Killed Natasha
  2475 | D:3      | Reached *** piety under Trog
  2709 | D:4      | Noticed Edmund
  2725 | D:4      | Killed Edmund
  2725 | D:4      | Reached skill level 5 in Fighting
  2725 | D:4      | Reached XP level 6. HP: 13/56 MP: 5/5
  3021 | D:4      | Reached skill level 5 in Axes
  3201 | D:4      | Noticed Eustachio
  3269 | D:4      | Killed Eustachio
  3269 | D:4      | Reached XP level 7. HP: 40/61 MP: 6/6
  3820 | D:4      | Found a staircase to the Ecumenical Temple.
  3836 | D:4      | Reached skill level 5 in Armour
  3949 | D:5      | Entered Level 5 of the Dungeon
  3992 | D:5      | Reached skill level 6 in Axes
  4035 | D:5      | Reached skill level 5 in Dodging
  4035 | D:5      | Reached XP level 8. HP: 65/70 MP: 7/7
  4073 | D:5      | Found a sand-covered staircase.
  4077 | Ossuary  | Entered an ossuary
  4085 | Ossuary  | Reached **** piety under Trog
  4105 | Ossuary  | Received a gift from Trog
  4116 | Ossuary  | Reached skill level 5 in Shields
  4320 | Ossuary  | Noticed kidcy's ghost (novice DsMo)
  4338 | Ossuary  | Killed kidcy's ghost
  4338 | Ossuary  | Reached skill level 7 in Axes
  4478 | Ossuary  | Reached XP level 9. HP: 46/79 MP: 8/8
  5097 | D:5      | Found Plog's Distillery.
  5707 | D:5      | Noticed Duvessa
  5708 | D:5      | Noticed Dowan
  5721 | D:5      | Killed Duvessa
  5724 | D:5      | Killed Dowan
  5989 | D:6      | Reached ***** piety under Trog
  5989 | D:6      | Reached skill level 8 in Axes
  6879 | D:7      | Noticed a two-headed ogre
  6886 | D:7      | Killed a two-headed ogre
  6886 | D:7      | Reached skill level 1 in Bows
  6886 | D:7      | Reached XP level 10. HP: 63/91 MP: 9/9
  7844 | D:8      | Received a gift from Trog
  8164 | D:8      | Reached skill level 9 in Axes
  9289 | D:10     | Entered Level 10 of the Dungeon
  9477 | D:10     | Noticed a five-headed hydra
  9490 | D:10     | Killed a six-headed hydra
  9490 | D:10     | Reached skill level 10 in Fighting
  9490 | D:10     | Reached skill level 5 in Bows
  9490 | D:10     | Reached XP level 11. HP: 21/99 MP: 3/10
  9824 | D:10     | Found a staircase to the Orcish Mines.
  9864 | D:10     | Reached skill level 10 in Axes
  9994 | D:10     | Noticed a two-headed ogre
 10001 | D:10     | Killed a two-headed ogre
 10024 | D:10     | Noticed a two-headed ogre
 10032 | D:10     | Killed a two-headed ogre
 10507 | D:10     | Killed an unseen horror
 10818 | D:10     | Noticed a two-headed ogre
 10831 | D:10     | Killed a two-headed ogre
 11472 | D:11     | Reached skill level 11 in Axes
 11807 | D:11     | Reached skill level 10 in Armour
 11888 | D:11     | Found a staircase to the Lair.
 11967 | D:11     | Received a gift from Trog
 12431 | D:11     | Found a sacrificial altar of Ru.
 12766 | Lair:1   | Entered Level 1 of the Lair of Beasts
 12819 | Lair:1   | Reached XP level 12. HP: 107/107 MP: 9/11
 13161 | Lair:1   | Noticed an eight-headed hydra
 13173 | Lair:1   | Killed a nine-headed hydra
 13437 | Lair:1   | Reached skill level 12 in Axes
 13493 | Lair:1   | Received a gift from Trog
 13637 | Lair:1   | HP: 5/109 [poisoned by a black mamba]
 13642 | Lair:1   | HP: 5/109 [poisoned by a black mamba]
 13649 | Lair:1   | HP: 5/109 [poisoned by a black mamba]
 13657 | Lair:1   | HP: 5/109 [poisoned by a black mamba]
 14053 | Lair:1   | Got a translucent war axe
 14055 | Lair:1   | Identified the +7 war axe "Duisked" {chop, rPois Str-5 Dex+4} (You found it on level 1 of the Lair of Beasts)
 14816 | Lair:2   | Found a staircase to the Shoals.
 16003 | Lair:3   | Reached skill level 13 in Axes
 16019 | Lair:3   | Reached skill level 10 in Dodging
 16126 | Lair:3   | Found a staircase to the Snake Pit.
 16164 | Lair:3   | Got a polished ring mail
 16175 | Lair:3   | Identified the +4 ring mail of the Elven Halls {-Tele rCorr Str+5} (You found it on level 3 of the Lair of Beasts)
 16687 | Lair:4   | Received a gift from Trog
 16694 | Lair:4   | Reached XP level 13. HP: 81/115 MP: 12/12
 16695 | Lair:4   | Reached skill level 10 in Bows
 17256 | Lair:4   | Received a gift from Trog
 18943 | Lair:5   | Found a staircase to the Slime Pits.
 18965 | Lair:5   | Received a gift from Trog
 19434 | Lair:5   | Reached skill level 14 in Axes
 19755 | Lair:5   | Got a warped steel ring
 19989 | Lair:6   | Entered Level 6 of the Lair of Beasts
 20144 | Lair:6   | Noticed Nessos
 20160 | Lair:6   | Killed Nessos
 20548 | Lair:6   | Reached XP level 14. HP: 126/126 MP: 13/13
 21168 | Lair:6   | Received a gift from Trog
 21464 | Lair:6   | Reached skill level 15 in Axes
 21534 | Lair:6   | HP: 6/126 [eight-headed hydra (3)]
 21538 | Lair:6   | Slain by an eight-headed hydra

Vault maps used:
D:1:      lightli_arrival_boilingwater
D:2:      nemelex_dance_club_becter, uniq_natasha
D:3:      cheibrodos_greedy_goblins, first_bread
D:4:      minmay_temple_entry_overgrown, moated_statue, minmay_crystal_room,
          mrwooster_statue_mirror, hangedman_decor_diamond_cutter,
          uniq_eustachio, uniq_edmund
D:5:      serial_shops, shop_fountains, enter_ossuary_5,
          kennysheep_generic_room_5, uniq_duvessa
D:7:      serial_curves, eino_curves_04, eino_curves_03, the_bakery
D:9:      cheibrodos_elevator_heist
D:10:     orc_0_dummy
D:11:     due_lair_maze_entry_diamond, grunt_decor_clamped,
          nicolae_ru_the_path_less_chosen
Lair:2:   minmay_shoals_entry_hut, grunt_forest_stairs_clearing,
          lemuel_fruit_tree
Lair:3:   minmay_snake_entry_guardpost_small
Lair:4:   cheibrodos_magma_flow, worms_lemuel
Lair:5:   slime_dummy, grunt_megastairs_1, infiniplex_staircase_pool
Lair:6:   minmay_lair_end_frog_pond, special_room, nicolae_quartered_pool_super,
          serial_bayou_shore_b, uniq_nessos
Ossuary:  ossuary_zaba_flooded

Skill      XL: |  1  2  3  4  5  6  7  8  9 10 11 12 13 14 |
---------------+-------------------------------------------+-----
Armour         | 3 4 5 6 8 9 10 11 12 | 12.3
Fighting       | 4 5 6 7 9 10 11 12 | 12.6
Axes           | 4 5 6 7 8 9 11 13 14 15 | 15.0
Shields        | 1 2 3 4 6 7 8 |  8.1
Dodging        | 3 4 5 6 7 8 9 10 11 | 11.3
Bows           | 1 5 7 9 11 12 | 12.1

Action                   |  1- 3 |  4- 6 |  7- 9 | 10-12 | 13-15 || total
-------------------------+-------+-------+-------+-------+-------++-------
Melee: Hand axe          |    86 |   156 |   462 |       |       ||   704
       Headbutt          |    14 |    28 |   121 |   144 |    43 ||   350
       War axe           |       |       |    10 |   173 |   189 ||   372
       Battleaxe         |       |       |       |   290 |       ||   290
 Fire: Shortbow          |       |       |       |   362 |   400 ||   762
Invok: Berserk           |       |     1 |     2 |     4 |       ||     7
       Trog's Hand       |       |     1 |       |       |       ||     1
       Burn Spellbooks   |       |       |     1 |     3 |     1 ||     5
       Brothers in Arms  |       |       |       |       |     1 ||     1
 Abil: Evoke Flight      |       |       |     1 |       |       ||     1
  Use: Scroll            |       |       |    14 |     8 |     6 ||    28
       Potion            |       |       |       |       |     1 ||     1
  Eat: Chunk             |     1 |     7 |    23 |    42 |    16 ||    89
       Bread ration      |       |       |     1 |       |       ||     1
Armor: Animal skin       |    13 |       |       |       |       ||    13
       Chain mail        |     1 |    68 |   135 |   229 |       ||   433
       Ring mail         |       |       |       |     1 |    79 ||    80
Dodge: Dodged            |    50 |    49 |   145 |   330 |   218 ||   792
Block: Buckler           |    15 |    37 |    96 |    29 |       ||   177
